 Dungeon Crawl Stone Soup version 0.21-a0-125-gb006224 (webtiles) character file.

97 sagitran the Skirmisher (level 4, -1/35 HPs)
             Began as a Demonspawn Abyssal Knight on July 14, 2017.
             Was a Believer of Lugonu.
             Killed by nerve-wracking pain
             ... invoked by Grinder
              (11 damage)
             ... on level 3 of the Dungeon.
             The game lasted 00:09:24 (2005 turns).

sagitran the Skirmisher (Demonspawn Abyssal Knight) Turns: 2005, Time: 00:09:25

Health: -1/35      AC:  3    Str: 13    XL:     4   Next: 42%
Magic:  0/5        EV: 10    Int: 14    God:    Lugonu [**....]
Gold:   125        SH:  3    Dex: 12    Spells: 3/3 levels left

rFire    . . .     SeeInvis .   a - +1 hand axe
rCold    . . .     Gourm    .   j - +0 buckler
rNeg     . . .     Faith    .   b - +0 leather armour
rPois    .         Spirit   +   (no helmet)
rElec    .         Reflect  .   (no cloak)
rCorr    .         Harm     .   (no gloves)
MR       .....                  (no boots)
Stlth    +.........             (no amulet)
HPRegen  0.11/turn              (no ring)
MPRegen  0.09/turn              (no ring)

@: no status effects
A: spiny 1, magic shield
a: Depart the Abyss, Bend Space, Renounce Religion


You were on level 3 of the Dungeon.
You worshipped Lugonu.
Lugonu was pleased with you.
You were not hungry.

You visited 1 branch of the dungeon, and saw 3 of its levels.
You visited the Abyss 1 time.

You collected 125 gold pieces.

Inventory:

Hand Weapons
 a - a +1 hand axe (weapon)
Armour
 b - a +0 leather armour (worn)
 j - a +0 buckler (worn)
Scrolls
 c - a scroll of fog {unknown}
 d - 3 scrolls of identify {unknown}
 h - a scroll of teleportation {unknown}
Potions
 e - 3 potions of heal wounds {unknown}
 f - a potion of cancellation {unknown}
 g - a potion of magic {unknown}
Comestibles
 i - a bread ration


   Skills:
 + Level 3.5 Fighting
 + Level 3.2 Axes
 + Level 2.4 Armour
 + Level 1.3 Dodging
 + Level 0.4 Stealth
 + Level 2.5 Invocations


You had 3 spell levels left.
You didn't know any spells.

Dungeon Overview and Level Annotations

Branches:
Dungeon (3/15)

Altars:
Okawaru
Xom

Annotations:
D:3 Grinder


Innate Abilities, Weirdness & Mutations

You are partially covered in sharp spines.
When hurt, damage is shared between your health and your magic reserves.


Message History

The ball python is severely wounded.
The ball python closely misses you.
You barely miss the ball python.
The ball python is severely wounded.
The ball python is struck by your spines.
You kill the ball python!
Lugonu accepts your kill.
Found 11 poisoned needles.
Found a stone staircase leading down.
Found a green potion.
There is a stone staircase leading down here.
You climb downwards.
There is a stone staircase leading up here.
Grinder comes into view.
Okay, then.
Grinder hits you.
* * * LOW HITPOINT WARNING * * *
Grinder gestures at you. Pain shoots through your body!
You die...

#. ##.###
###..#<#
#......#
#..###..####
# ##....##.#
#.......#
###..#### #
##@# +. #.#
#.# ##5#
#.###..#
#.....##
##.#### ...#
#####


You could see Grinder.

Vanquished Creatures
  4 adders (D:2)
  An ooze (D:1)
  A worm (D:2)
  6 bats
  5 giant cockroaches
  7 goblins
  4 hobgoblins (D:1)
  9 jackals
  A kobold (D:1)
  4 ball pythons
  2 frilled lizards
  5 rats
49 creatures vanquished.

Notes
Turn   | Place    | Note
-------+----------+-------------------------------------------
     0 | Abyss:1  | sagitran the Demonspawn Abyssal Knight began the quest for the Orb.
     0 | Abyss:1  | Reached XP level 1. HP: 18/18 MP: 2/2
     0 | D:1      | Escaped the Abyss
   226 | D:1      | Reached skill level 1 in Dodging
   258 | D:1      | Reached * piety under Lugonu
   261 | D:1      | Gained mutation: When hurt, damage is shared between your health and your magic reserves. [demonic ancestry]
   261 | D:1      | Reached XP level 2. HP: 24/24 MP: 3/3
   724 | D:1      | Reached XP level 3. HP: 24/29 MP: 4/4
  1057 | D:2      | Found a shimmering altar of Xom.
  1058 | D:2      | Found a shimmering altar of Xom.
  1059 | D:2      | Found a shimmering altar of Xom.
  1720 | D:2      | Gained mutation: You are partially covered in sharp spines. [demonic ancestry]
  1720 | D:2      | Reached XP level 4. HP: 35/35 MP: 5/5
  1789 | D:2      | Found an iron altar of Okawaru.
  1829 | D:2      | Reached ** piety under Lugonu
  1998 | D:3      | Noticed Grinder
  2005 | D:3      | Killed from afar by Grinder

Vault maps used:
D:1:      dpeg_arrival_signposts
D:2:      kennysheep_big_flooded_room, lemuel_round_altar, xom_redecorated
D:3:      tso_altar, nemelex_dance_club_becter, uniq_grinder
Abyss:1:  evilmike_abyss_exit_vortex

Skill      XL: |  1  2  3 |
---------------+----------+-----
Armour         | 2 |  2.4
Dodging        | 1 |  1.3
Axes           | 2 3 |  3.2
Fighting       | |  3.5
Stealth        | |  0.4
Invocations    | |  2.5

Action                   |  1- 3 |  4- 6 || total
-------------------------+-------+-------++-------
Melee: Hand axe          |   133 |    20 ||   153
Invok: Depart the Abyss  |     1 |       ||     1
 Stab: Sleeping          |     1 |       ||     1
  Eat: Bread ration      |     1 |       ||     1
Armor: Leather armour    |    53 |     4 ||    57
Dodge: Dodged            |   110 |     9 ||   119
